 Dungeon Sprint DCSS version 0.25.1-2-g60ff931df9 (webtiles) character file.

Game seed: 17453362756228185059

328902 MordorOrchid the Englaciator (level 19, -7/161 HPs)
             Began as a Mummy Ice Elementalist on Oct 16, 2020.
             Was the Champion of Sif Muna.
             Killed from afar by an orb of fire (159 damage)
             ... with a fireball
             ... in the Dungeon (Sprint IX: "|||||||||||||||||||||||||||||") on Oct 17, 2020.
             The game lasted 02:04:58 (8455 turns).

MordorOrchid the Englaciator (MuIE)                 Turns: 8455, Time: 02:04:59

Health: -7/161     AC: 14    Str: 10    XL:     19   Next: 46%
Magic:  17/50      EV: 33    Int: 23    God:    Sif Muna [******]
Gold:   197        SH: 15    Dex: 19    Spells: 0/72 levels left

rFire    x . .     SeeInvis .   x - staff of energy
rCold    + + +     Gourm    .   N - +0 kite shield
rNeg     + + +     Faith    .   v - +2 robe {Archmagi}
rPois    ∞         Spirit   .   k - +1 helmet {Int+3}
rElec    +         Reflect  .   M - +2 cloak {MR+}
rCorr    .         Harm     .   l - +0 pair of gloves
MR       ++++.     NoTele   +   F - +1 pair of boots
Stlth    ++........             o - amulet "Tyorghaoc" {RegenMP rC+ rN+ MR+ Str-2}
HPRegen  0.36/turn              S - ring of Kehud {rElec rC+ Dex+5}
MPRegen  0.57/turn              E - +4 ring of evasion

@: no status effects
A: no food or potions, fire vulnerability, cold resistance 1, negative energy
resistance 3, torment resistance, unbreathing, in touch with death 1
}: 5/17 runes: decaying, serpentine, barnacled, silver, gossamer
a: Channel Magic, Forget Spell, Divine Exegesis, Renounce Religion


You were in the Dungeon.
You worshipped Sif Muna.
Sif Muna was exalted by your worship.
You were not hungry.

You visited 1 branch You collected 2000 gold pieces.
You spent 1803 gold pieces at shops.

Inventory:

Hand Weapons
 h - a +4 quarterstaff of speed
 j - a +3 war axe of freezing
 p - a +2 halberd of venom
 y - a +7 rapier of electrocution
 O - the +6 mace "Gyar" {flame, rF+ Dex+3}
   (You took it off an ogre mage in the Dungeon)

   It has been specially enchanted to burn those struck by it, causing extra
   injury to most foes and up to half again as much damage against particularly
   susceptible opponents.
   It affects your dexterity (+3).
   It protects you from fire.
 Q - the +6 broad axe of Dyenyaviu {vorpal, *Rage +Inv rPois Str+8}
   (You found it in the Dungeon)

   It inflicts extra damage upon your enemies.
   It affects your strength (+8).
   It protects you from poison.
   It lets you turn invisible.
   It may make you go berserk in combat.
Missiles
 K - 26 javelins (quivered)
 L - 17 silver javelins
Armour
 a - a +1 cloak
 k - a +1 helmet of intelligence (worn)
 l - a +0 pair of gloves (worn)
 q - a +2 robe of magic resistance
 r - the cursed +0 scale mail of the Seven of Wands {rF+ Int+4}
   (You bought it in a shop in the Dungeon)

   It affects your intelligence (+4).
   It protects you from fire.
   It has a curse placed upon it.
 s - a +3 leather armour of cold resistance
 t - a scarf of repulsion
 v - a +2 robe of the Archmagi (worn)
 D - a +1 ring mail of cold resistance
 F - a +1 pair of boots (worn)
 I - a +0 tower shield of protection
 M - a +2 cloak of magic resistance (worn)
 N - a +0 kite shield (worn)
 P - quicksilver dragon scales
Magical Staves
 x - an uncursed staff of energy (weapon)
 C - an uncursed staff of earth
Jewellery
 m - a +2 ring of protection
 n - a +4 ring of evasion
 o - the amulet "Tyorghaoc" (around neck) {RegenMP rC+ rN+ MR+ Str-2}
   (You found it in the Dungeon)

   [amulet of magic regeneration]

   It increases your magic regeneration.
   It affects your strength (-2).
   It protects you from cold.
   It protects you from negative energy.
   It affects your resistance to hostile enchantments.
 w - an uncursed ring of protection from fire
 z - an uncursed ring of protection from fire
 A - an uncursed ring of protection from magic
 E - a +4 ring of evasion (right hand)
 G - a +6 ring of intelligence
 H - a +6 ring of dexterity
 R - the ring of Wuul {Ice rPois Int+2 Stlth-}
   (You found it in the Dungeon)

   [ring of ice]

   It enhances your ice magic.
   It affects your intelligence (+2).
   It makes you vulnerable to fire.
   It protects you from cold.
   It protects you from poison.
   It makes you less stealthy.
 S - the ring of Kehud (left hand) {rElec rC+ Dex+5}
   (You found it in the Dungeon)

   [ring of protection from cold]

   It affects your dexterity (+5).
   It protects you from cold.
   It insulates you from electricity.
Wands
 f - a wand of acid (3)
 u - a wand of random effects (14)
Scrolls
 b - 3 scrolls of enchant armour
 c - 6 scrolls of remove curse
 d - 5 scrolls of amnesia
 e - 6 scrolls of blinking
 g - a scroll of identify
 i - 2 scrolls of immolation
 B - 3 scrolls of fear
 J - 3 scrolls of fog


   Skills:
 * Level 17.3 Fighting
 - Level 8.3 Armour
 * Level 18.8 Dodging
 - Level 1.5 Stealth
 * Level 19.7 Shields
 O Level 27 Spellcasting
 * Level 17.4 Conjurations
 - Level 5.0 Summonings
 - Level 5.0 Necromancy
 - Level 3.0 Translocations
 - Level 2.0 Transmutations
 - Level 24.2 Fire Magic
 O Level 27 Ice Magic
 - Level 6.0 Air Magic
 - Level 8.0 Earth Magic
 - Level 8.0 Invocations
 - Level 9.0 Evocations


You couldn't memorise any spells.
You knew the following spells:

 Your Spells              Type           Power        Failure   Level  Hunger
a - Freeze                Ice            ####         0%          1    N/A
b - Frozen Ramparts       Ice            ######       0%          3    N/A
d - Ignite Poison         Fire/Tmut/Pois #######.     1%          3    N/A
f - Lightning Bolt        Conj/Air       #######...   1%          5    N/A
g - Mephitic Cloud        Conj/Pois/Air  #######.     1%          3    N/A
h - Bolt of Magma         Conj/Fire/Erth ########..   1%          5    N/A
j - Summon Lightning Spi  Summ/Air       ######..     1%          4    N/A
l - Freezing Cloud        Conj/Ice/Air   ########..   1%          6    N/A
r - Hailstorm             Conj/Ice       ########     0%          4    N/A
s - Summon Ice Beast      Ice/Summ       ########     0%          4    N/A
x - Blink                 Tloc           N/A          1%          2    N/A
y - Ozocubu's Armour      Chrm/Ice       #######.     0%          3    N/A
E - Borgnjor's Vile Clut  Necr/Erth      #######...   1%          5    N/A
F - Ignition              Fire           ########..   1%          8    N/A
L - Absolute Zero         Ice            ########..   1%          9    N/A
S - Spellforged Servitor  Conj/Summ      #######...   9%          7    N/A

Your spell library contained the following spells:

 Spells                   Type           Power        Failure   Level  Hunger
 Foxfire                  Conj/Fire      ####         0%          1    N/A
 Magic Dart               Conj           ####         0%          1    N/A
 Shock                    Conj/Air       ####         0%          1    N/A
 Ensorcelled Hibernation  Hex/Ice        ######       0%          2    N/A
 Searing Ray              Conj           ######       0%          2    N/A
 Conjure Flame            Conj/Fire      ########     0%          3    N/A
 Stone Arrow              Conj/Erth      ######       0%          3    N/A
 Sticky Flame             Conj/Fire      ########     0%          4    N/A
 Fireball                 Conj/Fire      ########..   0%          5    N/A
 Ozocubu's Refrigeration  Ice            ########..   0%          6    N/A
 Animate Skeleton         Necr           N/A          1%          1    N/A
 Apportation              Tloc           ######       1%          1    N/A
 Corona                   Hex            #####..      1%          1    N/A
 Infusion                 Chrm           ####         1%          1    N/A
 Pain                     Necr           ####         1%          1    N/A
 Sandblast                Erth           ######       1%          1    N/A
 Sting                    Tmut/Pois      ####         1%          1    N/A
 Summon Butterflies       Summ           ######..     1%          1    N/A
 Summon Small Mammal      Summ           ####         1%          1    N/A
 Call Imp                 Summ           ######..     1%          2    N/A
 Corpse Rot               Necr/Air       N/A          1%          2    N/A
 Passwall                 Tmut/Erth      ######..     1%          2    N/A
 Poisonous Vapours        Pois/Air       ######       1%          2    N/A
 Shroud of Golubria       Chrm/Tloc      ######       1%          2    N/A
 Slow                     Hex            #####...     1%          2    N/A
 Song of Slaying          Chrm           #####...     1%          2    N/A
 Sticks to Snakes         Tmut           ######..     1%          2    N/A
 Swiftness                Chrm/Air       ######..     1%          2    N/A
 Call Canine Familiar     Summ           ######..     1%          3    N/A
 Dazzling Flash           Conj/Hex       ######       1%          3    N/A
 Gell's Gravitas          Tloc           ######....   1%          3    N/A
 Inner Flame              Hex/Fire       #######.     1%          3    N/A
 Lesser Beckoning         Tloc           ######....   1%          3    N/A
 Portal Projectile        Hex/Tloc       ######       1%          3    N/A
 Recall                   Summ/Tloc      N/A          1%          3    N/A
 Static Discharge         Conj/Air       #######.     1%          3    N/A
 Summon Guardian Golem    Hex/Summ       ######..     1%          3    N/A
 Teleport Other           Tloc           ######..     1%          3    N/A
 Vampiric Draining        Necr           #######...   1%          3    N/A
 Airstrike                Air            ######....   1%          4    N/A
 Animate Dead             Necr           N/A          1%          4    N/A
 Dispel Undead            Necr           #######.     1%          4    N/A
 Fulminant Prism          Conj/Hex       #######...   1%          4    N/A
 Iskenderun's Mystic Bla  Conj/Tloc      #######.     1%          4    N/A
 Leda's Liquefaction      Hex/Erth       ######....   1%          4    N/A
 Petrify                  Tmut/Erth      ######..     1%          4    N/A
 Irradiate                Conj/Tmut      #######...   1%          5    N/A
 Iskenderun's Battlesphe  Conj/Chrm      #######.     1%          5    N/A
 Lee's Rapid Deconstruct  Erth           #######...   1%          5    N/A
 Metabolic Englaciation   Hex/Ice        #######...   1%          5    N/A
 Conjure Ball Lightning   Conj/Air       #######...   1%          6    N/A
 Iron Shot                Conj/Erth      #######...   1%          6    N/A
 Simulacrum               Ice/Necr       ########..   1%          6    N/A
 Starburst                Conj/Fire      ########..   1%          6    N/A
 Orb of Destruction       Conj           ########..   1%          7    N/A
 Passage of Golubria      Tloc           N/A          2%          4    N/A
 Confusing Touch          Hex            #####...     3%          3    N/A
 Spectral Weapon          Hex/Chrm       #####...     3%          3    N/A
 Tukima's Dance           Hex            #####...     3%          3    N/A
 Agony                    Necr           #######.     3%          5    N/A
 Aura of Abjuration       Summ           ######....   3%          5    N/A
 Summon Demon             Summ           ######....   3%          5    N/A
 Summon Forest            Summ/Tloc      ######....   5%          5    N/A
 Ring of Flames           Chrm/Fire      #######...   6%          7    N/A
 Silence                  Hex/Air        ######....   8%          5    N/A
 Cause Fear               Hex            #####.....   10%         4    N/A
 Olgreb's Toxic Radiance  Pois           #####...     10%         4    N/A
 Excruciating Wounds      Chrm/Necr      #######...   10%         5    N/A
 Summon Mana Viper        Hex/Summ       ######..     10%         5    N/A
 Alistair's Intoxication  Tmut/Pois      ######..     19%         5    N/A
 Yara's Violent Unravell  Hex/Tmut       ######....   19%         5    N/A
 Death Channel            Necr           #######...   19%         6    N/A
 Shadow Creatures         Summ           N/A          19%         6    N/A
 Fire Storm               Conj/Fire      ########..   19%         9    N/A
 Lehudib's Crystal Spear  Conj/Erth      #######...   34%         8    N/A
 Dispersal                Tloc           ######....   41%         6    N/A
 Chain Lightning          Conj/Air       #######...   47%         8    N/A
 Eringya's Noxious Bog    Tmut/Pois      ######....   69%         6    N/A
 Haunt                    Necr/Summ      #######...   71%         7    N/A
 Monstrous Menagerie      Summ           ######....   71%         7    N/A
 Summon Greater Demon     Summ           ######....   71%         7    N/A
 Summon Hydra             Summ           ######....   71%         7    N/A
 Darkness                 Hex            #####.....   83%         6    N/A
 Invisibility             Hex            #####...     83%         6    N/A
 Malign Gateway           Summ/Tloc      ######....   85%         7    N/A
 Controlled Blink         Tloc           N/A          100%        8    N/A
 Discord                  Hex            #####.....   100%        8    N/A
 Disjunction              Tloc           ######....   100%        8    N/A
 Infestation              Necr           #######...   100%        8    N/A
 Summon Horrible Things   Summ           ######....   100%        8    N/A
 Dragon's Call            Summ           ######....   100%        9    N/A
 Shatter                  Erth           #######...   100%        9    N/A
 Tornado                  Air            ######....   100%        9    N/A
 Sublimation of Blood     Necr           Unusable     N/A         2    N/A
 Dragon Form              Tmut           Unusable     N/A         7    N/A

Dungeon Overview and Level Annotations

Branches:
Dungeon (1/1)

Altars:
Cheibriados
Dithmenos
Elyvilon
Fedhas
Gozag
Hepliaklqana
Kikubaaqudgha
Makhleb
Nemelex Xobeh
Okawaru
Qazlal
Ru
Sif Muna
Trog
Uskayaw
Vehumet
Wu Jian
Xom
Yredelemnul
Zin
The Shining One
Beogh
Jiyva
Lugonu

Shops:
D :![(


Innate Abilities, Weirdness & Mutations

You do not eat or drink.
Your flesh is vulnerable to fire.
You are immune to poison.
Your flesh is cold resistant. (rC+)
You are immune to negative energy. (rN+++)
You are immune to unholy pain and torment.
You can survive without breathing.
You are in touch with the powers of death.


Message History

You feel a surge of power!
You chill the ancient lich to absolute zero!
The ancient lich is frozen into a solid block of ice!
You destroy the ancient lich!
Sif Muna accepts your kill.
The freezing wraith disappears in a puff of smoke!
The wraith disappears in a puff of smoke!
Your Fighting skill increases to level 17!
The orb of fire emits a lurid red light.
The bolt of fire hits the orb of fire.
The orb of fire completely resists.
You hear a sizzling sound!
The orb of fire glows deep purple.
The fireball explodes!
The fireball engulfs the lich shaped block of ice!!!
The lich shaped block of ice melts!
The lich shaped block of ice is destroyed!
You hear a sizzling sound! x2
The fireball engulfs you!!!!! The fire burns you terribly!
Ouch! That really hurt!
You die...

▓.▓.▓.▓!▓.▓)▓.▓.
▓D▓.▓.▓.▓!▓.▓.▓.▓.
▓d▓.▓.▓.▓!▓.▓)▓.▓.
▓§▓.▓.▓.▓.▓.▓.▓.▓.
▓*▓.▓.▓.▓.▓.▓)▓.▓.
▓*▓.▓.▓.▓.▓.▓)▓.▓.
▓.▓.▓.▓.▓[▓.▓'▓.▓.
▓)▓.▓.▓.▓[▓.▓.▓.▓'
▓@▓.▓[▓.▓[▓.▓.▓.▓.
▓8▓.▓.▓.▓[▓.▓.▓.▓.
▓§▓.▓†▓.▓[▓.▓.▓.▓.
▓'▓.▓.▓.▓[▓.▓.▓.▓.
▓.▓.▓.▓.▓[▓.▓.▓.▓.
▓'▓.▓.▓.▓.▓.▓.▓.▓.
▓.▓.▓[▓.▓.▓.▓)▓.▓.
▓.▓.▓.▓.▓.▓.▓)▓.▓)
▓.▓.▓)▓.▓)▓.▓)▓.▓.


You could see 2 orbs of fire, a shadow dragon, a red draconian (slow) and a
friendly spellforged servitor (summoned).

Vanquished Creatures
  Mennas (D)
  Mara (D)
  2 orbs of fire (D)
  3 ancient liches (D)
  Boris (D)
  Margery (D)
  Frederick (D)
  Xtahua (D)
  5 golden dragons (D)
  Nikola (D)
  2 electric golems (D)
  4 tentacled monstrosities (D)
  14 Orb Guardians (D)
  4 quicksilver dragons (D)
  Frances (D)
  2 sphinxes (D)
  A death cob (D)
  3 storm dragons (D)
  7 shadow dragons (D)
  2 draconian monks (D)
  6 nagarajas (D)
  2 fire giants (D)
  A draconian scorcher (D)
  2 frost giants (D)
  3 ghost moths (D)
  2 draconian knights (D)
  A vault warden (D)
  7 emperor scorpions (D)
  An ironheart preserver (D)
  3 draconian annihilators (D)
  A war gargoyle (D)
  A spriggan defender (D)
  2 entropy weavers (D)
  3 stone giants (D)
  A green draconian (D)
  3 yellow draconians (D)
  A vampire knight (D)
  2 black draconians (D)
  3 white draconians (D)
  3 red draconians (D)
  A purple draconian (D)
  5 ettins (D)
  3 merfolk javelineers (D)
  3 merfolk impalers (D)
  5 fire dragons (D)
  2 yaktaur captains (D)
  4 great orbs of eyes (D)
  23 vault guards (D)
  2 rakshasas (D)
  2 ice dragons (D)
  6 hydras (D)
  A catoblepas (D)
  2 naga warriors (D)
  A centaur warrior (D)
  An alligator snapping turtle (D)
  3 merfolk avatars (D)
  A merfolk aquamancer (D)
  3 deep troll shamans (D)
  2 tengu warriors (D)
  2 ogre magi (D)
  3 orc high priests (D)
  2 spriggan berserkers (D)
  A deep troll earth mage (D)
  3 deep elf knights (D)
  A fire crab (shapeshifter) (D)
  2 hell knights (D)
  A sea snake (D)
  2 skeletal warriors (D)
  A shadow wraith (D)
  A spriggan druid (D)
  A naga ritualist (D)
  A deep elf archer (D)
  8 swamp dragons (D)
  11 orc knights (D)
  An ironbrand convoker (D)
  A wolf spider (D)
  A mana viper (D)
  An orc sorcerer (D)
  2 ugly things (D)
  10 moths of wrath (D)
  2 manticores (D)
  A water nymph (shapeshifter) (D)
  Maurice (D)
  A merfolk siren (D)
  3 black mambas (D)
  3 naga magi (D)
  A torpor snail (D)
  2 guardian serpents (D)
  6 vault sentinels (D)
  A spiny frog (D)
  A demonic crawler (D)
  2 komodo dragons (D)
  A yaktaur (D)
  A freezing wraith (D)
  A merfolk (shapeshifter) (D)
  A jumping spider (D)
  3 merfolk (D)
  5 polar bears (D)
  A troll (D)
  2 tyrant leeches (D)
  A hornet (D)
  A blink frog (D)
  A hippogriff (D)
  3 redbacks (D)
  2 tarantellas (D)
  A vampire (D)
  A spriggan (D)
  A wyvern (D)
  3 basilisks (D)
  A hungry ghost (D)
  A golden eye (shapeshifter) (D)
  3 wraiths (D)
  2 vampire mosquitoes (D)
  2 nagas (D)
  An insubstantial wisp (D)
  An acid dragon (shapeshifter) (D)
  An acid dragon (D)
  A water moccasin (D)
  A black bear (D)
  2 porcupines (D)
  9 orc warriors (D)
  2 wolves (D)
  An eye of draining (D)
  2 ogres (D)
  A centaur (D)
  A bullfrog (D)
  A big kobold (D)
  A hound (D)
  A jelly (D)
  5 orc priests (D)
  3 orc wizards (D)
  A gnoll (D)
  An adder (D)
  A worm (D)
  4 orcs (D)
  A giant cockroach (D)
  A goblin (D)
  3 bats (D)
  A frilled lizard (D)
  A giant cockroach zombie (D)
  15 blocks of ice (D)
356 creatures vanquished.

Vanquished Creatures (collateral kills)
  Josephine (D)
  2 yaktaur captains (D)
  A naga warrior (D)
  A merfolk aquamancer (D)
  2 vault guards (D)
  An ogre mage (D)
  4 orc high priests (D)
  A spriggan berserker (D)
  4 hell knights (D)
  An orc knight (D)
  2 ironbrand convokers (D)
  2 ugly things (D)
  A wolf spider (D)
  2 black mambas (D)
  A water nymph (D)
  A gargoyle (D)
  A yaktaur (D)
  A freezing wraith (D)
  A polar bear (D)
  A hippogriff (D)
  A bog body (D)
  2 wraiths (D)
  A yak (D)
  An orc warrior (D)
  A phantom (D)
  A black bear (D)
  A bat zombie (D)
  2 blocks of ice (D)
41 creatures vanquished.

Vanquished Creatures (others)
  Ilsuiw (D)
  31 blocks of ice (D)
32 creatures vanquished.

Grand Total: 429 creatures vanquished

Notes
Turn   | Place    | Note
-------+----------+-------------------------------------------
     0 | D        | MordorOrchid the Mummy Ice Elementalist began the quest for
                  | the Orb.
     0 | D        | Reached XP level 1. HP: 13/13 MP: 4/4
    16 | D        | Reached skill level 1 in Fighting
    91 | D        | Noticed a hound
    91 | D        | Noticed an ogre
   928 | D        | Reached XP level 2. HP: 21/21 MP: 0/6
   936 | D        | Found a roughly hewn altar of Beogh.
   936 | D        | Found a snail-covered altar of Cheibriados.
   936 | D        | Found a shadowy altar of Dithmenos.
   936 | D        | Found a white marble altar of Elyvilon.
   936 | D        | Found a blossoming altar of Fedhas.
   936 | D        | Found an opulent altar of Gozag.
   937 | D        | Found a hazy altar of Hepliaklqana.
   938 | D        | Found a viscous altar of Jiyva.
   939 | D        | Found an ancient bone altar of Kikubaaqudgha.
   940 | D        | Found a corrupted altar of Lugonu.
   941 | D        | Found a burning altar of Makhleb.
   942 | D        | Found a sparkling altar of Nemelex Xobeh.
   943 | D        | Found an iron altar of Okawaru.
   944 | D        | Found a stormy altar of Qazlal.
   945 | D        | Found a sacrificial altar of Ru.
   946 | D        | Found a shimmering blue altar of Sif Muna.
   947 | D        | Found a bloodstained altar of Trog.
   948 | D        | Found a hide-covered altar of Uskayaw.
   949 | D        | Found a radiant altar of Vehumet.
   950 | D        | Found an ornate altar of the Wu Jian Council.
   951 | D        | Found a shimmering altar of Xom.
   952 | D        | Found a basalt altar of Yredelemnul.
   953 | D        | Found a glowing silver altar of Zin.
   954 | D        | Became a worshipper of Sif Muna the Loreminder
   955 | D        | Found a glowing golden altar of the Shining One.
  1036 | D        | Reached skill level 5 in Spellcasting
  1036 | D        | Reached XP level 3. HP: 28/28 MP: 5/9
  1038 | D        | Killed an ogre
  1038 | D        | Reached * piety under Sif Muna
  1038 | D        | Reached skill level 5 in Ice Magic
  1038 | D        | Reached XP level 4. HP: 35/35 MP: 3/13
  1044 | D        | Learned a level 3 spell: Frozen Ramparts
  1048 | D        | Learned a level 3 spell: Ozocubu's Armour
  1053 | D        | Learned a level 4 spell: Hailstorm
  1058 | D        | Learned a level 4 spell: Summon Ice Beast
  1116 | D        | Noticed a phantom
  1116 | D        | Noticed a big kobold
  1116 | D        | Noticed a hungry ghost
  1121 | D        | Reached skill level 1 in Summonings
  1121 | D        | Reached XP level 5. HP: 41/41 MP: 8/15
  1127 | D        | Reached ** piety under Sif Muna
  1166 | D        | Killed a hungry ghost
  1166 | D        | Reached skill level 10 in Spellcasting
  1166 | D        | Reached XP level 6. HP: 40/47 MP: 6/19
  1253 | D        | Noticed an orc warrior
  1253 | D        | Noticed a red ugly thing
  1258 | D        | Killed an orc warrior
  1258 | D        | Reached *** piety under Sif Muna
  1258 | D        | Reached skill level 5 in Dodging
  1258 | D        | Reached skill level 1 in Conjurations
  1258 | D        | Reached skill level 1 in Evocations
  1258 | D        | Reached XP level 7. HP: 52/52 MP: 18/21
  1275 | D        | Killed a red ugly thing
  1279 | D        | Reached **** piety under Sif Muna
  1279 | D        | Reached XP level 8. HP: 58/58 MP: 7/24
  1460 | D        | Noticed a hippogriff
  1460 | D        | Noticed a komodo dragon
  1464 | D        | Reached skill level 5 in Summonings
  1464 | D        | Reached skill level 1 in Invocations
  1466 | D        | Killed a komodo dragon
  1472 | D        | Reached ***** piety under Sif Muna
  1472 | D        | Identified Sif Muna's Guide on Clay and Shape Shifting (Sif
                  | Muna gifted it to you in the Dungeon)
  1472 | D        | Received a gift from Sif Muna
  1475 | D        | Noticed a torpor snail
  1476 | D        | Reached skill level 5 in Fighting
  1482 | D        | Killed a hippogriff
  1482 | D        | Reached XP level 9. HP: 68/68 MP: 8/25
  1482 | D        | Reached skill level 5 in Evocations
  1487 | D        | Killed a torpor snail
  1516 | D        | Reached skill level 10 in Ice Magic
  1533 | D        | Noticed a komodo dragon
  1533 | D        | Noticed a catoblepas
  1536 | D        | Killed a komodo dragon
  1536 | D        | Identified Yrosyutu's Compendium of Summoning and Moulding
                  | (Sif Muna gifted it to you in the Dungeon)
  1536 | D        | Received a gift from Sif Muna
  1537 | D        | Killed a catoblepas
  1537 | D        | Reached skill level 5 in Invocations
  1538 | D        | Noticed a spiny frog
  1543 | D        | Noticed a black mamba
  1546 | D        | Reached XP level 10. HP: 78/79 MP: 5/26
  1551 | D        | Killed a spiny frog
  1552 | D        | Killed a black mamba
  1552 | D        | Identified Sif Muna's Incunabulum of Doomed Attacks (Sif
                  | Muna gifted it to you in the Dungeon)
  1552 | D        | Received a gift from Sif Muna
  1577 | D        | Learned a level 3 spell: Mephitic Cloud
  1583 | D        | Learned a level 5 spell: Bolt of Magma
  1651 | D        | Reached skill level 1 in Fire Magic
  1651 | D        | Reached skill level 1 in Air Magic
  1651 | D        | Reached skill level 1 in Earth Magic
  1699 | D        | Identified Sif Muna's Catalogue of Torrid Enhancements (Sif
                  | Muna gifted it to you in the Dungeon)
  1699 | D        | Received a gift from Sif Muna
  1900 | D        | Identified Sif Muna's Volume of the Aerial Voyage (Sif Muna
                  | gifted it to you in the Dungeon)
  1900 | D        | Received a gift from Sif Muna
  1909 | D        | Learned a level 4 spell: Summon Lightning Spire
  1934 | D        | Reached ****** piety under Sif Muna
  1998 | D        | Learned a level 3 spell: Ignite Poison
  2004 | D        | Noticed an orc sorcerer
  2032 | D        | Killed an orc sorcerer
  2032 | D        | Reached skill level 1 in Transmutations
  2033 | D        | Identified Sif Muna's Guide on Cankerous Boosts (Sif Muna
                  | gifted it to you in the Dungeon)
  2033 | D        | Received a gift from Sif Muna
  2063 | D        | Noticed an orc high priest
  2065 | D        | Noticed an orange demon
  2095 | D        | Killed an orc high priest
  2095 | D        | Reached skill level 5 in Conjurations
  2095 | D        | Reached XP level 11. HP: 86/86 MP: 11/27
  2122 | D        | Noticed an orc high priest
  2131 | D        | Killed an orc high priest
  2151 | D        | Noticed an orc knight
  2164 | D        | Killed an orc knight
  2256 | D        | Found Kaeth's Weapon Boutique.
  2256 | D        | Noticed an orc high priest
  2256 | D        | Noticed an orc high priest
  2256 | D        | Noticed an orc high priest
  2256 | D        | Noticed an orc high priest
  2256 | D        | Noticed an orc knight
  2264 | D        | Killed an orc knight
  2287 | D        | Noticed a sixfirhy
  2289 | D        | Killed an orc high priest
  2289 | D        | Identified Sif Muna's Reference Book on Destructive Evil
                  | Secrets (Sif Muna gifted it to you in the Dungeon)
  2289 | D        | Received a gift from Sif Muna
  2290 | D        | Killed an orc high priest
  2291 | D        | Killed an orc high priest
  2317 | D        | Killed an orc high priest
  2317 | D        | Reached skill level 5 in Fire Magic
  2344 | D        | Noticed an orc knight
  2351 | D        | Noticed an orc knight
  2352 | D        | Killed an orc knight
  2352 | D        | Reached skill level 5 in Earth Magic
  2364 | D        | Noticed an orc knight
  2371 | D        | Killed an orc knight
  2371 | D        | Reached skill level 15 in Spellcasting
  2373 | D        | Killed an orc knight
  2429 | D        | Found Utiqoi's Armour Shop.
  2433 | D        | Found Rotweg's Distillery.
  2437 | D        | Found Patil's Book Shop.
  2439 | D        | Noticed an orc knight
  2440 | D        | Noticed an orc knight
  2444 | D        | Noticed an orc high priest
  2452 | D        | Killed an orc knight
  2452 | D        | Reached skill level 10 in Dodging
  2485 | D        | Killed an orc knight
  2485 | D        | Identified Sif Muna's Tome of Translocation (Sif Muna
                  | gifted it to you in the Dungeon)
  2485 | D        | Received a gift from Sif Muna
  2492 | D        | Noticed an orc knight
  2495 | D        | Killed an orc high priest
  2504 | D        | Killed an orc knight
  2548 | D        | Noticed an orc knight
  2559 | D        | Killed an orc knight
  2590 | D        | Bought Sif Muna's Volume of Mutagenic Earth for 670 gold
                  | pieces
  2594 | D        | Bought the cursed +0 scale mail of the Seven of Wands {rF+
                  | Int+4} for 257 gold pieces
  2594 | D        | Bought a +3 leather armour of cold resistance for 264 gold
                  | pieces
  2594 | D        | Bought a scarf of repulsion for 132 gold pieces
  2619 | D        | Bought a book of Cantrips for 240 gold pieces
  2619 | D        | Bought a book of Misfortune for 240 gold pieces
  2633 | D        | Noticed Maurice
  2640 | D        | Killed Maurice
  2679 | D        | Reached skill level 1 in Armour
  2681 | D        | Noticed Josephine
  2703 | D        | Identified Sif Muna's Collected Works on the Arsonist and
                  | the Birds (Sif Muna gifted it to you in the Dungeon)
  2703 | D        | Received a gift from Sif Muna
  2703 | D        | Reached XP level 12. HP: 86/92 MP: 17/31
  2708 | D        | Killed Josephine
  2755 | D        | Learned a level 6 spell: Freezing Cloud
  2896 | D        | Got the cursed +0 robe of Forking Paths {+Inv Str+3}
  2921 | D        | Noticed a tengu warrior
  2921 | D        | Noticed a tengu warrior
  2924 | D        | Killed a tengu warrior
  2936 | D        | Killed a tengu warrior
  2940 | D        | Noticed a fire giant
  3000 | D        | Killed a fire giant
  3105 | D        | Identified Sif Muna's Tome of Creation (Sif Muna gifted it
                  | to you in the Dungeon)
  3105 | D        | Received a gift from Sif Muna
  3217 | D        | Reached skill level 5 in Air Magic
  3312 | D        | Noticed a vampire knight
  3313 | D        | Noticed an ettin
  3315 | D        | Noticed a centaur warrior
  3317 | D        | Noticed a rakshasa
  3320 | D        | Killed an ettin
  3320 | D        | Reached skill level 1 in Shields
  3322 | D        | Killed a vampire knight
  3323 | D        | Killed a centaur warrior
  3323 | D        | Identified Kyas's Handbook of the Icy Traveller (Sif Muna
                  | gifted it to you in the Dungeon)
  3323 | D        | Received a gift from Sif Muna
  3379 | D        | Killed a rakshasa
  3523 | D        | Noticed Frances
  3565 | D        | Killed Frances
  3635 | D        | Noticed an entropy weaver
  3642 | D        | Reached skill level 5 in Armour
  3644 | D        | Killed an entropy weaver
  3645 | D        | Gained mutation: You are in touch with the powers of death.
                  | [Mummy growth]
  3645 | D        | Reached XP level 13. HP: 96/98 MP: 0/32
  3649 | D        | Killed a ghost moth
  3649 | D        | Identified Sif Muna's Guide on Fire and Creation (Sif Muna
                  | gifted it to you in the Dungeon)
  3649 | D        | Received a gift from Sif Muna
  3752 | D        | Identified Muer's Volume of Ghastly Enchantment (Sif Muna
                  | gifted it to you in the Dungeon)
  3752 | D        | Received a gift from Sif Muna
  3756 | D        | Reached skill level 15 in Ice Magic
  3828 | D        | Identified Sif Muna's Disquisition on Shifting Talismans
                  | (Sif Muna gifted it to you in the Dungeon)
  3828 | D        | Received a gift from Sif Muna
  3828 | D        | Reached skill level 5 in Shields
  3865 | D        | Identified Sif Muna's Catalogue of Beguiling and the Blaze
                  | (Sif Muna gifted it to you in the Dungeon)
  3865 | D        | Received a gift from Sif Muna
  3914 | D        | Identified Sif Muna's Reference Book on Dislocated
                  | Poisoning (Sif Muna gifted it to you in the Dungeon)
  3914 | D        | Received a gift from Sif Muna
  4048 | D        | Noticed a spriggan defender
  4048 | D        | Noticed an ettin
  4048 | D        | Noticed a fire giant
  4052 | D        | Killed a fire giant
  4054 | D        | Killed an ettin
  4054 | D        | Reached skill level 10 in Fire Magic
  4055 | D        | Killed a spriggan defender
  4055 | D        | Identified Sif Muna's Guide on the Creative Volcanoes (Sif
                  | Muna gifted it to you in the Dungeon)
  4055 | D        | Received a gift from Sif Muna
  4091 | D        | Noticed an ettin
  4160 | D        | Killed an ettin
  4238 | D        | Reached XP level 14. HP: 82/106 MP: 11/34
  4298 | D        | Noticed a stone giant
  4324 | D        | Killed a stone giant
  4360 | D        | Noticed a frost giant
  4370 | D        | Received a gift from Sif Muna
  4372 | D        | Killed a frost giant
  4372 | D        | Reached skill level 10 in Conjurations
  4473 | D        | Learned a level 5 spell: Lightning Bolt
  4477 | D        | Noticed a vault warden
  4477 | D        | Noticed a sphinx
  4495 | D        | Killed a sphinx
  4499 | D        | Identified Sif Muna's Further Steps in Wizardry (Sif Muna
                  | gifted it to you in the Dungeon)
  4499 | D        | Received a gift from Sif Muna
  4517 | D        | Killed a vault warden
  4525 | D        | Noticed an ironheart preserver
  4534 | D        | Killed an ironheart preserver
  4597 | D        | Received a gift from Sif Muna
  4597 | D        | Reached skill level 10 in Fighting
  4661 | D        | Noticed an entropy weaver
  4668 | D        | Killed an entropy weaver
  4750 | D        | Noticed a frost giant
  4773 | D        | Killed a frost giant
  4856 | D        | Identified Sif Muna's Grimoire of Blistering Arcane Weapons
                  | (Sif Muna gifted it to you in the Dungeon)
  4856 | D        | Received a gift from Sif Muna
  4928 | D        | Noticed Margery
  4941 | D        | Killed Margery
  4966 | D        | Identified Cyifose's Collected Works on the Harmful Glacier
                  | (Sif Muna gifted it to you in the Dungeon)
  4966 | D        | Received a gift from Sif Muna
  5162 | D        | Noticed Frederick
  5193 | D        | Killed Frederick
  5193 | D        | Reached XP level 15. HP: 115/115 MP: 36/39
  5204 | D        | Learned a level 9 spell: Absolute Zero
  5230 | D        | Noticed Xtahua
  5237 | D        | Killed Xtahua
  5265 | D        | Noticed Boris
  5267 | D        | Killed Boris
  5321 | D        | Noticed a nagaraja
  5321 | D        | Noticed a nagaraja
  5323 | D        | Killed a nagaraja
  5324 | D        | Identified Sif Muna's Reference Book on the Birds (Sif Muna
                  | gifted it to you in the Dungeon)
  5324 | D        | Received a gift from Sif Muna
  5324 | D        | Noticed a nagaraja
  5329 | D        | Noticed a nagaraja
  5330 | D        | Killed a nagaraja
  5333 | D        | Killed a nagaraja
  5342 | D        | Killed a nagaraja
  5350 | D        | Noticed a nagaraja
  5368 | D        | Killed a nagaraja
  5368 | D        | Identified Sif Muna's Volume of Malediction and Calling
                  | (Sif Muna gifted it to you in the Dungeon)
  5368 | D        | Received a gift from Sif Muna
  5396 | D        | Noticed a nagaraja
  5404 | D        | Killed a nagaraja
  5404 | D        | Reached skill level 15 in Dodging
  5453 | D        | Got a serpentine rune of Zot
  5513 | D        | Noticed Ilsuiw
  5524 | D        | Identified Kuohafel's Almanac of Unstable Boosts (Sif Muna
                  | gifted it to you in the Dungeon)
  5524 | D        | Received a gift from Sif Muna
  5536 | D        | Killed Ilsuiw
  5610 | D        | Learned a level 2 spell: Blink
  5648 | D        | Got a barnacled rune of Zot
  5792 | D        | Identified Poipp's Disquisition on Boosting Summoning (Sif
                  | Muna gifted it to you in the Dungeon)
  5792 | D        | Received a gift from Sif Muna
  5793 | D        | Killed a ghost moth
  5793 | D        | Reached skill level 1 in Translocations
  5944 | D        | Killed a ghost moth
  5944 | D        | Reached XP level 16. HP: 122/122 MP: 20/40
  5953 | D        | Received a gift from Sif Muna
  6072 | D        | Got a gossamer rune of Zot
  6099 | D        | Identified Sif Muna's Catalogue of Gliding Enchantment (Sif
                  | Muna gifted it to you in the Dungeon)
  6099 | D        | Received a gift from Sif Muna
  6145 | D        | Identified Sif Muna's Collected Works on the Dusty
                  | Entourage (Sif Muna gifted it to you in the Dungeon)
  6145 | D        | Received a gift from Sif Muna
  6189 | D        | Got a decaying rune of Zot
  6205 | D        | Noticed Nikola
  6207 | D        | Killed Nikola
  6209 | D        | Noticed Mara
  6234 | D        | Killed Mara
  6351 | D        | Received a gift from Sif Muna
  6396 | D        | Received a gift from Sif Muna
  6488 | D        | Identified Sif Muna's Catalogue of Enchantment (Sif Muna
                  | gifted it to you in the Dungeon)
  6488 | D        | Received a gift from Sif Muna
  6584 | D        | Identified Sif Muna's Last Tome of Boris (Sif Muna gifted
                  | it to you in the Dungeon)
  6584 | D        | Received a gift from Sif Muna
  6602 | D        | Noticed a shadow dragon
  6603 | D        | Identified Sif Muna's Almanac of the Feathery Arsonist (Sif
                  | Muna gifted it to you in the Dungeon)
  6603 | D        | Received a gift from Sif Muna
  6616 | D        | Killed a shadow dragon
  6616 | D        | Reached skill level 10 in Shields
  6616 | D        | Noticed a shadow dragon
  6630 | D        | Reached XP level 17. HP: 96/128 MP: 9/45
  6796 | D        | Noticed a golden dragon
  6796 | D        | Noticed a quicksilver dragon
  6808 | D        | Killed a quicksilver dragon
  6808 | D        | Received a gift from Sif Muna
  6834 | D        | Killed a golden dragon
  6835 | D        | Noticed a quicksilver dragon
  6836 | D        | Identified the +6 mace "Gyar" {flame, rF+ Dex+3}
  6840 | D        | Killed a quicksilver dragon
  6869 | D        | Reached skill level 27 in Ice Magic
  6919 | D        | Got a silver rune of Zot
  6921 | D        | Got a steaming broad axe
  6922 | D        | Identified the +6 broad axe of Dyenyaviu {vorpal, *Rage
                  | +Inv rPois Str+8} (You found it in the Dungeon)
  6946 | D        | Noticed Mennas
  6962 | D        | Killed Mennas
  6962 | D        | Identified Sif Muna's Volume of the Voyage (Sif Muna gifted
                  | it to you in the Dungeon)
  6962 | D        | Received a gift from Sif Muna
  7318 | D        | Got the amulet "Tyorghaoc" {RegenMP rC+ rN+ MR+ Str-2}
  7321 | D        | Got the ring "Hianufaz" {Str+3 Slay+3}
  7324 | D        | Got the ring of Wuul {Ice rPois Int+2 Stlth-}
  7326 | D        | Got the ring "Vaycse" {Str+3 Dex+4}
  7329 | D        | Got the ring of Kehud {rElec rC+ Dex+5}
  7473 | D        | Reached skill level 27 in Spellcasting
  7475 | D        | Identified Zeidyb's Tome of the Glacier and Toxins (Sif
                  | Muna gifted it to you in the Dungeon)
  7475 | D        | Received a gift from Sif Muna
  7506 | D        | Learned a level 8 spell: Ignition
  7506 | D        | Reached skill level 15 in Fire Magic
  7545 | D        | Noticed a golden dragon
  7560 | D        | Killed a golden dragon
  7671 | D        | Noticed a golden dragon
  7673 | D        | Killed a golden dragon
  7673 | D        | Reached skill level 15 in Shields
  7698 | D        | Noticed a quicksilver dragon
  7698 | D        | Noticed a golden dragon
  7699 | D        | Noticed a tentacled monstrosity
  7705 | D        | Killed a golden dragon
  7740 | D        | Killed a tentacled monstrosity
  7744 | D        | Killed a quicksilver dragon
  7790 | D        | Noticed a tentacled monstrosity
  7790 | D        | Noticed an electric golem
  7791 | D        | Reached XP level 18. HP: 134/134 MP: 37/49
  7794 | D        | Killed an electric golem
  7830 | D        | Killed a tentacled monstrosity
  7913 | D        | Noticed a golden dragon
  7913 | D        | Noticed a tentacled monstrosity
  7915 | D        | Killed a tentacled monstrosity
  7920 | D        | Killed a golden dragon
  7982 | D        | Noticed a tentacled monstrosity
  7997 | D        | Killed a tentacled monstrosity
  8239 | D        | Noticed an Orb Guardian
  8239 | D        | Noticed an Orb Guardian
  8239 | D        | Noticed an Orb Guardian
  8239 | D        | Noticed an Orb Guardian
  8239 | D        | Noticed an Orb Guardian
  8239 | D        | Noticed an Orb Guardian
  8241 | D        | Killed an Orb Guardian
  8243 | D        | Noticed an Orb Guardian
  8243 | D        | Killed an Orb Guardian
  8248 | D        | Killed an Orb Guardian
  8248 | D        | Killed an Orb Guardian
  8250 | D        | Killed an Orb Guardian
  8251 | D        | Killed an Orb Guardian
  8254 | D        | Noticed an Orb Guardian
  8255 | D        | Killed an Orb Guardian
  8258 | D        | Noticed an Orb Guardian
  8262 | D        | Killed an Orb Guardian
  8263 | D        | Noticed an Orb Guardian
  8275 | D        | Killed an Orb Guardian
  8282 | D        | Killed an Orb Guardian
  8314 | D        | Learned a level 5 spell: Borgnjor's Vile Clutch
  8317 | D        | Noticed an Orb Guardian
  8317 | D        | Noticed an Orb Guardian
  8318 | D        | Reached skill level 1 in Necromancy
  8325 | D        | Killed an Orb Guardian
  8330 | D        | Killed an Orb Guardian
  8331 | D        | Noticed an Orb Guardian
  8335 | D        | Reached skill level 5 in Necromancy
  8335 | D        | Noticed an Orb Guardian
  8340 | D        | Killed an Orb Guardian
  8343 | D        | Killed an Orb Guardian
  8343 | D        | Reached XP level 19. HP: 152/152 MP: 44/50
  8370 | D        | Learned a level 7 spell: Spellforged Servitor
  8373 | D        | Noticed an ancient lich
  8374 | D        | Killed an ancient lich
  8374 | D        | Reached skill level 15 in Conjurations
  8381 | D        | Noticed an orb of fire
  8382 | D        | Killed an orb of fire
  8382 | D        | Reached skill level 15 in Fighting
  8411 | D        | Noticed an electric golem
  8412 | D        | Killed an electric golem
  8429 | D        | Noticed an ancient lich
  8429 | D        | Noticed an orb of fire
  8429 | D        | Noticed an ancient lich
  8433 | D        | Noticed an orb of fire
  8437 | D        | Killed an ancient lich
  8439 | D        | Killed an orb of fire
  8447 | D        | Noticed an orb of fire
  8455 | D        | Killed an ancient lich
  8455 | D        | Killed from afar by an orb of fire

Illustrated notes

Levels and vault maps discovered:
D:        linesprint [early_d, line_temple, items_1, d_10, items_2, lair_1,
          lair_end, items_3, orc_1, orc_end, items_4, d_15, swamp_1, shoals_1,
          snake_1, spider_1, d_20, vaults_1, items_5, swamp_end, shoals_end,
          snake_end, spider_end, vaults_end, d_27, items_6, zot_1, zot_end,
          crypt_end, forest_end, elf_end, slime_end, tomb_end, abyss_end,
          pan_hell_end]

Skill      XL: |  1  2  3  4  5  6  7  8  9 10 11 12 13 14 15 16 17 18 19 |
---------------+----------------------------------------------------------+-----
Spellcasting   | 3 5 7 8 10 12 15 16 20 24 27 | 27.0
Fighting       | 1 2 3 5 7 8 10 14 17 | 17.3
Dodging        | 2 3 4 5 6 7 8 10 11 12 14 15 16 18 | 18.8
Ice Magic      | 4 5 7 8 9 10 11 12 14 16 18 23 26 27 | 27.0
Summonings     | 1 3 4 5 |  5.0
Conjurations   | 1 3 4 5 6 9 11 12 14 17 | 17.4
Evocations     | 1 3 4 7 9 |  9.0
Invocations    | 3 5 8 |  8.0
Fire Magic     | 3 6 8 10 11 12 19 24 | 24.2
Air Magic      | 2 4 6 |  6.0
Earth Magic    | 3 6 8 |  8.0
Transmutations | 2 |  2.0
Armour         | 1 5 7 8 |  8.3
Shields        | 3 5 6 10 16 17 19 | 19.7
Translocations | 3 |  3.0
Necromancy     | 5 |  5.0
Stealth        | |  1.5

Action                   |  1- 3 |  4- 6 |  7- 9 | 10-12 | 13-15 | 16-18 | 19-21 || total
-------------------------+-------+-------+-------+-------+-------+-------+-------++-------
Melee: Unarmed           |    10 |       |       |       |       |       |       ||    10
       Dagger            |     9 |       |       |       |       |       |       ||     9
       Rapier            |       |    27 |     3 |       |       |       |       ||    30
       Halberd           |       |     4 |       |       |       |       |       ||     4
       Staff             |       |       |       |     2 |       |     2 |       ||     4
 Cast: Freeze            |    26 |     1 |     3 |     2 |     7 |     1 |       ||    40
       Frozen Ramparts   |       |     7 |    11 |    50 |    47 |    37 |     1 ||   153
       Ozocubu's Armour  |       |     1 |       |       |     1 |       |       ||     2
       Summon Ice Beast  |       |     2 |     7 |    37 |    56 |    20 |       ||   122
       Hailstorm         |       |       |    10 |    63 |    30 |     9 |       ||   112
       Mephitic Cloud    |       |       |       |    24 |    24 |     7 |       ||    55
       Ignite Poison     |       |       |       |    17 |    17 |     6 |       ||    40
       Summon Lightning  |       |       |       |     4 |     4 |     4 |       ||    12
       Bolt of Magma     |       |       |       |     4 |    12 |    29 |     3 ||    48
       Controlled Blink  |       |       |       |     1 |       |       |       ||     1
       Freezing Cloud    |       |       |       |       |    24 |    20 |     1 ||    45
       Absolute Zero     |       |       |       |       |     5 |    36 |     9 ||    50
       Lightning Bolt    |       |       |       |       |    20 |    56 |       ||    76
       Spellforged Servi |       |       |       |       |       |       |     2 ||     2
Invok: Divine Exegesis   |       |       |       |     1 |     5 |       |       ||     6
 Abil: Evoke Invisibilit |       |       |       |       |     2 |       |       ||     2
Evoke: Wand              |     1 |       |       |     3 |     5 |     2 |       ||    11
       Staff of energy   |       |     6 |    23 |   243 |   336 |   352 |    21 ||   981
  Use: Scroll            |     1 |       |       |     1 |     3 |     5 |       ||    10
 Stab: Sleeping          |     2 |       |       |       |       |       |       ||     2
Armor: Robe              |    10 |     9 |     2 |     3 |    10 |     6 |     1 ||    41
Dodge: Dodged            |    25 |    19 |     6 |    14 |    54 |    30 |       ||   148
       Repelled          |       |       |       |     1 |     8 |       |       ||     9
Block: Buckler           |       |       |       |       |    10 |       |       ||    10
       Kite shield       |       |       |       |       |       |     6 |       ||     6
